 Dungeon Crawl Stone Soup version 0.31-a0-522-gc2a4ee3 (webtiles) character file.

Game seed: 15876406353519592063

308 Dorkslayer the Cudgeller (level 6, -4/61 HPs)
             Began as a Troll Fighter on Aug 10, 2023.
             Was an Initiate of Okawaru.
             Slain by an ogre
             ... wielding a +0 giant club
              (24 damage)
             ... on level 4 of the Dungeon.
             The game lasted 00:05:59 (1880 turns).

Dorkslayer the Cudgeller (Troll Fighter)            Turns: 1880, Time: 00:06:00

Health: -4/61      AC:  4    Str: 25    XL:     6   Next: 17%
Magic:  5/5        EV:  9    Int:  4    God:    Okawaru [......]
Gold:   149        SH:  8    Dex: 11    Spells: 5/5 levels left

rFire   . . .        a - +0 flail
rCold   . . .        c - +0 kite shield
rNeg    . . .        b - +0 robe
rPois   .            (helmet restricted)
rElec   .            (no cloak)
rCorr   .            (gloves unavailable)
SInv    .            (boots unavailable)
Will    .....        i - amulet of the acrobat
Stlth   +            (no ring)
HPRegen 1.10/turn    (no ring)
MPRegen 0.09/turn

%: acrobat
@: no status effects
A: large, unfitting armour, claws 3, regeneration 1, shaggy fur 1, tough skin 1
a: Renounce Religion


You were on level 4 of the Dungeon.
You worshipped Okawaru.
Okawaru was noncommittal.
You visited 1 branch of the dungeon, and saw 4 of its levels.

You collected 149 gold pieces.

Inventory:

Hand Weapons
 a - a +0 flail (weapon)
Armour
 b - a +0 robe (worn)
 c - a +0 kite shield (worn)
Jewellery
 i - an amulet of the acrobat (around neck)
Wands
 o - a wand of flame (18)
Potions
 d - 2 potions of might
 e - a potion of attraction {unknown}
 f - a potion of brilliance {unknown}
 g - a potion of curing {unknown}
 k - a potion of ambrosia {unknown}
 m - a potion of magic {unknown}


   Skills:
 + Level 3.3 Fighting
 + Level 4.2 Maces & Flails
 + Level 3.1 Dodging
 + Level 0.1 Stealth
 + Level 3.5 Shields
 * Level 0.1 Evocations


You had 5 spell levels left.
You didn't know any spells.
Your spell library contained the following spells:

 Spells                   Type           Power      Damage    Failure   Level
 Magic Dart               Conj           0%         1d3       77%         1
 Searing Ray              Conj           0%         2d4       88%         2
 Dazzling Flash           Conj/Hex       0%         N/A       98%         3
 Portal Projectile        Hex/Tloc       0%         N/A       98%         3
 Vhi's Electric Charge    Tloc/Air       0%         N/A       98%         3
 Fulminant Prism          Conj/Hex       0%         3d5       100%        4
 Leda's Liquefaction      Hex/Erth       0%         N/A       100%        4
 Agony                    Necr           0%         N/A       100%        5
 Arcjolt                  Conj/Air       0%         1d10      100%        5
 Lee's Rapid Deconstruct  Erth           0%         3d4*      100%        5
 Silence                  Hex/Air        0%         N/A       100%        5
 Maxwell's Capacitive Co  Air            0%         ∞         100%        8
 Call Canine Familiar     Summ           Unusable   N/A       N/A         3
 Animate Armour           Summ/Erth      Unusable   N/A       N/A         4
 Summon Lightning Spire   Summ/Air       Unusable   N/A       N/A         4

Dungeon Overview and Level Annotations

Branches:
Dungeon (4/15)
 Temple: D:4-7

Altars:
Ashenzari
Cheibriados
Kikubaaqudgha
Okawaru
Sif Muna
Trog
Vehumet
Xom


Innate Abilities, Weirdness & Mutations

You are too large for most types of armour.
You have claws for hands.
Your natural rate of healing is unusually fast.
You are covered in fur. (AC +1)
You have tough skin. (AC +1)


Message History

There is an open door here.
There is an open door here.
Found an iron altar of Okawaru.
Found a shimmering altar of Xom.
A giant cockroach comes into view.
There is an iron altar of Okawaru here.
You kneel at the altar of Okawaru.
Okawaru welcomes you!
You barely miss the giant cockroach.
The giant cockroach bites you but does no damage.
You hit the giant cockroach.
You kill the giant cockroach!
Okawaru accepts your kill.
Found a bloodstained altar of Trog and a broken altar of Ashenzari.
Found a spear.
Found a snail-covered altar of Cheibriados.
There is a broken altar of Ashenzari here.
There is a fountain of clear blue water here.
There is a snail-covered altar of Cheibriados here.
An ogre comes into view. It is wielding a +0 giant club.
You hear the slow rusting of a very distant drain.
The ogre shouts!
The ogre moves out of view.
There is a fountain of clear blue water here.
You sock the ogre!
The ogre is moderately wounded.
The ogre closely misses you.
You hit the ogre but do no damage.
The ogre is moderately wounded.
You block the ogre's attack.
You barely miss the ogre.
The ogre is moderately wounded.
The ogre hits you with a +0 giant club!!
You hit the ogre but do no damage.
The ogre is moderately wounded.
The ogre hits you with a +0 giant club!
You sock the ogre!
The ogre is severely wounded.
The ogre hits you with a +0 giant club!!
You die...

....... .......
....... .......
.......
.......######
.......O....#####
.......@.⌠...##.#
..........._..#.#
##########....#.#
##.....###.⌠.#.#
##...⌠...#....#.#
#.._..._..._..#.#
#....#...⌠...##.#
#.⌠.###....)###†#
#....##########.#


You could see an ogre.

Vanquished Creatures
  3 orc wizards (D:3)
  An iguana (D:4)
  Natasha (thrice) (D:3)
  Robin (D:2)
  4 adders
  A worm (D:2)
  A dart slug (D:2)
  12 ball pythons
  5 endoplasms
  3 giant cockroaches
  18 goblins
  7 hobgoblins
  2 jackals (D:2)
  3 kobolds
  A quokka (D:3)
  6 bats
  5 frilled lizards
  7 rats
83 creatures vanquished.

Notes
Turn   | Place    | Note
-------+----------+-------------------------------------------
     0 | D:1      | Dorkslayer the Troll Fighter began the quest for the Orb.
     0 | D:1      | Reached XP level 1. HP: 22/22 MP: 0/0
    95 | D:1      | Reached XP level 2. HP: 29/29 MP: 1/1
   166 | D:1      | Reached skill level 2 in Maces & Flails
   509 | D:2      | Reached XP level 3. HP: 32/36 MP: 2/2
   727 | D:2      | Noticed Robin
   784 | D:2      | Killed Robin
   785 | D:2      | Reached XP level 4. HP: 27/45 MP: 3/3
  1117 | D:3      | Reached skill level 3 in Maces & Flails
  1229 | D:3      | Noticed Natasha
  1237 | D:3      | Killed Natasha
  1238 | D:3      | Reached XP level 5. HP: 43/53 MP: 4/4
  1260 | D:3      | Noticed Natasha
  1268 | D:3      | Killed Natasha
  1423 | D:3      | Found an ancient bone altar of Kikubaaqudgha.
  1445 | D:3      | Found a radiant altar of Vehumet.
  1451 | D:3      | Reached skill level 4 in Maces & Flails
  1463 | D:3      | Found a shimmering blue altar of Sif Muna.
  1627 | D:3      | Noticed Natasha
  1635 | D:3      | Killed Natasha
  1636 | D:3      | Reached XP level 6. HP: 61/61 MP: 5/5
  1847 | D:4      | Found an iron altar of Okawaru.
  1853 | D:4      | Found a shimmering altar of Xom.
  1855 | D:4      | Became a worshipper of Warmaster Okawaru
  1860 | D:4      | Found a bloodstained altar of Trog.
  1860 | D:4      | Found a broken altar of Ashenzari.
  1866 | D:4      | Found a snail-covered altar of Cheibriados.
  1880 | D:4      | Slain by an ogre

Illustrated notes

Levels and vault maps discovered:
D:1:      heliophobic_arrival_ceremonial_halls, layout_rooms,
          chequers_serial_rivers_micro_d, columned_hall_lemuel
D:2:      layout_rooms, uniq_robin
D:3:      layout_rooms, palyth_temple_overflow_mages, minmay_diced_spiral,
          uniq_natasha
D:4:      layout_gridville, mainiacjoe_overflow_cross_hatched,
          mainiacjoe_overflow_brackets, nicolae_overflow_hallway_of_the_gods,
          minmay_temple_entry_purple_smoke, gup_sewer_entry_bubbles,
          ebering_dispersal_statue_hall

Skill      XL: |  1  2  3  4  5 |
---------------+----------------+-----
Maces & Flails | 2 3 4 |  4.2
Shields        | 3 |  3.5
Fighting       | 3 |  3.3
Dodging        | 3 |  3.1
Stealth        | |  0.1
Evocations     | |  0.1

Action                     |  1- 3 |  4- 6 || total
---------------------------+-------+-------++-------
  Melee: Flail             |   124 |   148 ||   272
    Use: Potion            |     1 |       ||     1
         Scroll            |       |     4 ||     4
   Stab: Sleeping          |       |     1 ||     1
 Armour: Robe              |    52 |    56 ||   108
  Dodge: Dodged            |    55 |    73 ||   128
  Block: Kite shield       |    65 |    61 ||   126

Table legend: (Time is in decaauts)
 A = Elapsed time spent in this place.
 B = Non-inter-level travel time spent in this place.
 C = Inter-level travel time spent in this place.
 D = Time resting spent in this place.
 E = Time spent auto-exploring this place.
 F = Levels seen in this place.
 G = Mean time per level.
                   A        B        C        D        E       F      G
               +--------+--------+--------+--------+--------+-----+--------+
         Total |   1995 |   1995 |      0 |     19 |    501 |   4 |  498.8 |
       Dungeon |   1995 |   1995 |      0 |     19 |    501 |   4 |  498.8 |
               +--------+--------+--------+--------+--------+-----+--------+

Top non-repeatable levels by time:
     D:3: 817 daAuts
     D:2: 546 daAuts
     D:1: 521 daAuts
     D:4: 109 daAuts
